 Dungeon Crawl Stone Soup version 0.28.0-43-g3370ac3207 (webtiles) character file.

Game seed: 15741943176402923463

11526 issech the Spear-Bearer (level 11, -7/96 HPs)
             Began as a Troll Monk on Apr 1, 2022.
             Was a High Priest of Hepliaklqana.
             Mangled by an orc knight
             ... wielding a +0 war axe
              (19 damage)
             ... in a bailey.
             The game lasted 00:44:17 (9295 turns).

issech the Spear-Bearer (Troll Monk)                Turns: 9295, Time: 00:44:18

Health: -7/96      AC: 15    Str: 21    XL:     11   Next: 50%
Magic:  10/10      EV:  9    Int:  3    God:    Hepliaklqana [*****.]
Gold:   941        SH:  0    Dex: 16    Spells: 10/10 levels left

rFire   + + +      SeeInvis .   I - +10 halberd (venom)
rCold   x . .      Faith    .   (shield currently unavailable)
rNeg    . . .      Spirit   .   N - +0 fire dragon scales
rPois   .          Reflect  .   (helmet restricted)
rElec   .          Harm     .   (no cloak)
rCorr   .          Rampage  .   (gloves unavailable)
Will    +....                   (boots unavailable)
Stlth   ++........              X - amulet of regeneration
HPRegen 1.86/turn               h - ring of the Komtur {rF+ Will+ Int-3 Slay+2 Stlth+}
MPRegen 0.12/turn               n - +4 ring of protection

@: slowed, very slow
A: reduced essence, large, unfitting armour, claws 3, regeneration 1, shaggy fur
1, tough skin 1
a: Renounce Religion, Recall Ancestor, Ancestor Identity, Transference, Idealise


You were in a bailey.
You worshipped Hepliaklqana.
Hepliaklqana was extremely pleased with you.
You visited 2 branches of the dungeon, and saw 11 of its levels.
You also visited: Bailey.

You collected 941 gold pieces.

Inventory:

Hand Weapons
 p - a +4 flail of holy wrath
 s - a +2 antimagic dagger
 t - a +5 spectral club
 x - a +0 vorpal hunting sling
 D - a +0 giant spiked club
 I - a +10 halberd of venom (weapon)
 K - a +3 morningstar
 R - a +3 dire flail
 V - the +7 staff of the Meek {protect, meekguard}
   (You found it on level 7 of the Dungeon)

   It grants its wielder temporary protection when it strikes (+7 to AC).
   It provides extra protection to wielders with little health.
 W - a +4 vorpal mace
Missiles
 c - 232 stones
 d - 61 sling bullets
 k - 112 arrows
 q - 39 poisoned darts
 F - 54 bolts
 L - a curare-tipped dart
 O - 18 boomerangs (quivered)
 U - a boomerang of dispersal
 Y - 4 atropa-tipped darts
 Z - 2 throwing nets
Armour
 b - a +0 robe
 y - a +2 robe of willpower
 G - +0 steam dragon scales
 N - +0 fire dragon scales (worn)
Magical Staves
 u - a staff of cold
Jewellery
 a - a ring of poison resistance
 h - the ring of the Komtur (left claw) {rF+ Will+ Int-3 Slay+2 Stlth+}
   (You found it on level 3 of the Dungeon)

   [ring of protection from fire]

   Int:       It affects your intelligence (-3).
   Slay:      It affects your accuracy & damage with ranged weapons and melee
   (+2).
   rF:        It protects you from fire.
   Will:      It increases your willpower.
   Stlth:     It makes you more stealthy.
 i - a ring of flight
 n - a +4 ring of protection (right claw)
 E - a +4 ring of protection
 H - a ring of wizardry
 J - a ring of resist corrosion
 X - an amulet of regeneration (around neck)
Wands
 M - a wand of flame (13)
Scrolls
 f - 2 scrolls of fear
 g - a scroll of silence
 l - 2 scrolls of immolation
 m - 2 scrolls of vulnerability
 o - a scroll of enchant weapon
 v - 3 scrolls of noise
 C - 2 scrolls of brand weapon
 P - 5 scrolls of teleportation
 T - 2 scrolls of identify
Potions
 e - 2 potions of heal wounds {unknown}
 j - 8 potions of curing
 r - 2 potions of degeneration {unknown}
 w - 3 potions of mutation {unknown}
 z - a potion of haste {unknown}
 A - a potion of brilliance {unknown}
 B - a potion of flight {unknown}
 Q - 2 potions of magic {unknown}
 S - a potion of lignification {unknown}


   Skills:
 + Level 6.8 Fighting
 + Level 6.3 Maces & Flails
 + Level 9.0 Polearms
 + Level 5.7 Throwing
 + Level 4.2 Armour
 + Level 5.1 Dodging
 + Level 3.6 Stealth


You had 10 spell levels left.
You didn't know any spells.
Your spell library contained the following spells:

 Spells                   Type           Power      Damage    Failure   Level
 Sting                    Tmut/Pois      0%         1d3       89%         1
 Poisonous Vapours        Pois/Air       0%         N/A       96%         2
 Static Discharge         Conj/Air       0%         N/A       96%         2
 Conjure Flame            Conj/Fire      0%         6-21      99%         3
 Gell's Gravitas          Tloc           0%         N/A       99%         3
 Ignite Poison            Fire/Tmut/Pois 0%         N/A       99%         3
 Lesser Beckoning         Tloc           0%         N/A       99%         3
 Teleport Other           Tloc           0%         N/A       99%         3
 Cause Fear               Hex            0%         N/A       100%        4
 Dispel Undead            Necr           0%         3d6       100%        4
 Olgreb's Toxic Radiance  Pois           0%         N/A       100%        4
 Sticky Flame             Conj/Fire      0%         2d3       100%        4
 Dispersal                Tloc           0%         N/A       100%        6
 Dragon Form              Tmut           0%         N/A       100%        7
 Dragon's Call            Summ           0%         N/A       100%        9


Dungeon Overview and Level Annotations

Branches:
Dungeon (10/15)            Temple (1/1) D:6            Lair (0/6) D:10
    Orc (0/2) D:10         Bailey (1/1)

Altars:
Ashenzari
Cheibriados
Dithmenos
Elyvilon
Fedhas
Gozag
Hepliaklqana
Kikubaaqudgha
Makhleb
Nemelex Xobeh
Okawaru
Qazlal
Ru
Sif Muna
Trog
Uskayaw
Vehumet
Wu Jian
Xom
Yredelemnul
Zin
The Shining One
Beogh

Shops:
D:4 =

Annotations:
D:9 2 transporters, Rudioso's ghost, novice VSFi


Innate Abilities, Weirdness & Mutations

Your life essence is reduced to manifest your ancestor. (-10% HP)
You are too large for most types of armour.
You have claws for hands.
Your natural rate of healing is unusually fast.
You are covered in fur. (AC +1)
You have tough skin. (AC +1)


Message History

You closely miss the kobold brigand.
The kobold brigand is severely wounded.
You feel very sick. The kobold brigand closely misses you.
The kobold brigand hits you with a +0 war axe.
* * * LOW HITPOINT WARNING * * *
Unknown command.
You feel very sick.
The kobold brigand throws a poisoned dart.
The poisoned dart closely misses you.
You feel sick.
The kobold brigand hits you with a +0 war axe.
* * * LOW HITPOINT WARNING * * *
The kobold brigand hits you with a +0 war axe.
* * * LOW HITPOINT WARNING * * *
You barely miss the kobold brigand.
The kobold brigand is severely wounded.
You feel sick.
The orc warrior no longer looks unusually strong. x2
The orc knight roars a battlecry!
The orc warriors go into a battle-frenzy!
The kobold brigand hits you with a +0 war axe.
* * * LOW HITPOINT WARNING * * *
You hit the kobold brigand.
The kobold brigand is poisoned.
The kobold brigand is severely wounded.
You feel sick. The kobold brigand closely misses you.
The kobold brigand barely misses you.
You slash the kobold brigand!
You kill the kobold brigand!
You feel sick.
You are no longer poisoned.
The orc warrior no longer looks unusually strong.
The orc knight no longer looks unusually strong.
Your Polearms skill increases to level 9!
You slash the orc knight!
The orc knight looks as sick as possible!
The orc knight is moderately wounded.
The orc knight no longer looks unusually strong.
The orc knight hits you with a +0 war axe!!
You die...

#....≈≈.).....≈≈....
#.###≈≈.......≈≈###.
#....≈≈.......≈≈....
#.###≈≈.......≈≈###.
#....≈≈.......≈≈....
#.###≈≈.......≈≈###.
#...o≈≈.......≈≈....
#.###o≈.......≈≈###.
#..@ooo.......≈≈....
#####K≈.......≈≈####
##≈.......≈##
####)''####
##.....## #∩.....∩#
#...8...# ##.o...##
###'###


You could see 2 orc knights, 2 orc warriors and a kobold brigand.

Vanquished Creatures
  A death knight (D:10)
  A two-headed ogre (D:10)
  A phantasmal warrior (D:10)
  Joseph (D:8)
  A kobold demonologist (D:8)
  2 freezing wraiths (D:10)
  A wraith (D:10)
  Eustachio (D:6)
  2 yaks (D:9)
  2 steam dragons
  The ghost of tizbic2 the Vexing, an amateur GnAM (D:4)
  An acid dragon (D:9)
  Duvessa (D:4)
  2 water moccasins
  A sky beast (D:7)
  2 orc warriors
  2 ice beasts
  A black bear (D:4)
  2 centaurs
  2 ogres
  4 kobold brigands
  A scorpion (D:6)
  A howler monkey (D:8)
  6 wights
  An electric eel (D:10)
  3 centaur zombies
  A crimson imp (D:6)
  A centaur skeleton (D:5)
  6 hounds
  6 orc priests
  Jessica (D:3)
  Terence (D:2)
  2 iguanas
  3 orc wizards
  A hound skeleton (D:5)
  3 gnolls (D:8)
  4 adders
  A white imp (D:6)
  An ufetubus (D:7)
  An adder zombie (D:5)
  An adder skeleton (D:4)
  A worm (D:3)
  3 dart slugs
  21 orcs
  11 endoplasms
  4 giant cockroaches
  3 goblins
  6 hobgoblins
  3 jackals
  20 kobolds
  2 quokkas
  4 ball pythons
  5 bats
  5 frilled lizards
  7 rats
172 creatures vanquished.

Vanquished Creatures (collateral kills)
  Harold (D:9)
  A two-headed ogre (D:9)
  A kobold demonologist (D:8)
  Psyche (D:8)
  A wyvern (D:9)
  5 yaks
  A steam dragon (D:8)
  An ice beast (D:5)
  A sky beast (D:6)
  An orc warrior (D:6)
  3 black bears
  A necrophage (D:4)
  5 kobold brigands
  A wyvern zombie (D:8)
  A gnoll sergeant (D:8)
  A water moccasin zombie (D:7)
  Dowan (D:4)
  2 wights
  3 electric eels (D:10)
  A centaur zombie (D:8)
  A bullfrog zombie (D:6)
  2 hounds
  3 orc priests
  3 iguanas (D:5)
  A jelly (D:4)
  5 orc wizards
  A howler monkey zombie (D:9)
  2 adders (D:4)
  2 shadow imps
  A dart slug (D:4)
  14 orcs
  2 giant cockroaches (D:4)
  3 hobgoblins (D:4)
  A quokka (D:4)
  2 ball pythons (D:4)
  8 kobolds
84 creatures vanquished.

Vanquished Creatures (others)
  2 battlemagi
2 creatures vanquished.

Grand Total: 258 creatures vanquished

Notes
Turn   | Place    | Note
-------+----------+-------------------------------------------
     0 | D:1      | issech the Troll Monk began the quest for the Orb.
     0 | D:1      | Reached XP level 1. HP: 22/22 MP: 0/0
   173 | D:1      | Found a faded altar of an unknown god.
   326 | D:1      | Reached XP level 2. HP: 29/29 MP: 1/1
  1115 | D:2      | Reached XP level 3. HP: 36/36 MP: 2/2
  1526 | D:2      | Noticed Terence
  1536 | D:2      | Killed Terence
  1893 | D:3      | Reached skill level 1 in Throwing
  1945 | D:3      | Noticed a water moccasin
  1950 | D:3      | Killed a water moccasin
  1951 | D:3      | Reached XP level 4. HP: 45/45 MP: 3/3
  1951 | D:3      | Reached XP level 5. HP: 53/53 MP: 4/4
  2234 | D:3      | Found a blossoming altar of Fedhas.
  2240 | D:3      | Found a sparkling altar of Nemelex Xobeh.
  2276 | D:3      | Noticed Jessica
  2281 | D:3      | Killed Jessica
  2339 | D:3      | Identified the ring of the Komtur {rF+ Will+ Int-3 Slay+2
                  | Stlth+}
  2796 | D:3      | Found a bloodstained altar of Trog.
  2796 | D:3      | Found a white marble altar of Elyvilon.
  2796 | D:3      | Found an opulent altar of Gozag.
  2796 | D:3      | Found a hazy altar of Hepliaklqana.
  2798 | D:3      | Found an ornate altar of the Wu Jian Council.
  2799 | D:3      | Found a sacrificial altar of Ru.
  2801 | D:3      | Found a broken altar of Ashenzari.
  2802 | D:3      | Found an ancient bone altar of Kikubaaqudgha.
  2806 | D:3      | Became a worshipper of Hepliaklqana the Forgotten
  2806 | D:3      | Reached * piety under Hepliaklqana
  2806 | D:3      | Reached ** piety under Hepliaklqana
  2807 | D:3      | Remembered your ancestor Sosibius as a battlemage
  2990 | D:3      | Reached XP level 6. HP: 46/54 MP: 5/5
  3249 | D:4      | Found Ivie's Jewellery Shoppe.
  3269 | D:4      | Noticed Duvessa
  3269 | D:4      | Noticed Dowan
  3282 | D:4      | Killed Dowan
  3283 | D:4      | Reached XP level 7. HP: 51/60 MP: 6/6
  3285 | D:4      | Killed Duvessa
  3286 | D:4      | Reached skill level 5 in Maces & Flails
  3513 | D:4      | Reached XP level 8. HP: 70/70 MP: 7/7
  3673 | D:4      | Identified the +8 chain mail of Evolution {Rampage rC+}
  3676 | D:4      | Found a runed translucent gate.
  3677 | D:4      | Found a runed translucent gate.
  3678 | D:4      | Found a runed translucent gate.
  3679 | D:4      | Noticed tizbic2's ghost (amateur GnAM)
  3823 | D:4      | Reached skill level 5 in Throwing
  4008 | D:4      | Killed tizbic2's ghost
  4114 | D:5      | Entered Level 5 of the Dungeon
  4494 | D:5      | Reached *** piety under Hepliaklqana
  4694 | D:5      | Reached skill level 1 in Polearms
  4805 | D:5      | Reached skill level 2 in Polearms
  5030 | D:6      | Noticed Eustachio
  5044 | D:6      | Killed Eustachio
  5045 | D:6      | Reached XP level 9. HP: 76/76 MP: 8/8
  5131 | D:6      | Found a staircase to the Ecumenical Temple.
  5156 | D:6      | Reached skill level 3 in Polearms
  5167 | Temple   | Entered the Ecumenical Temple
  5907 | D:6      | Found a shadowy altar of Dithmenos.
  5920 | D:6      | Reached skill level 5 in Fighting
  6140 | D:6      | Found a burning altar of Makhleb.
  6576 | D:7      | Reached skill level 4 in Polearms
  6586 | D:7      | Reached skill level 1 in Armour
  6605 | D:7      | Reached **** piety under Hepliaklqana
  6786 | D:7      | Reached skill level 5 in Polearms
  7220 | D:7      | Found the +7 staff of the Meek {protect, meekguard}
  7409 | D:8      | Reached XP level 10. HP: 86/86 MP: 9/9
  7699 | D:8      | Noticed Joseph
  7714 | D:8      | Killed Joseph
  7715 | D:8      | Reached skill level 6 in Polearms
  7776 | D:8      | Noticed Psyche
  7783 | D:8      | Killed Psyche
  7868 | D:9      | Noticed a two-headed ogre
  7935 | D:8      | Reached skill level 7 in Polearms
  8019 | D:9      | Killed a two-headed ogre
  8032 | D:9      | Reached skill level 5 in Dodging
  8239 | D:9      | Reached ***** piety under Hepliaklqana
  8419 | D:9      | Noticed Harold
  8428 | D:9      | Killed Harold
  8429 | D:9      | Reached XP level 11. HP: 78/96 MP: 10/10
  8486 | D:9      | Found a transporter.
  8491 | D:9      | Found a transporter.
  8492 | D:9      | Noticed Rudioso's ghost (novice VSFi)
  8598 | D:9      | Found a glowing golden altar of the Shining One.
  8776 | D:10     | Entered Level 10 of the Dungeon
  8776 | D:10     | Noticed a death knight
  8776 | D:10     | Noticed a phantasmal warrior
  8862 | D:10     | Reached skill level 8 in Polearms
  8929 | D:10     | Killed a phantasmal warrior
  9066 | D:10     | Killed a death knight
  9067 | D:10     | Noticed a two-headed ogre
  9075 | D:10     | Killed a two-headed ogre
  9100 | D:10     | Found a flagged portal.
  9109 | Bailey   | Entered a bailey
  9270 | Bailey   | Noticed an orc knight
  9271 | Bailey   | Noticed an orc knight
  9272 | Bailey   | Identified the amulet of Neorphus {Reflect rF+ SH+5}
  9295 | Bailey   | Reached skill level 9 in Polearms
  9295 | Bailey   | Mangled by an orc knight

Illustrated notes

Levels and vault maps discovered:
D:1:      dpeg_arrival_three_same_balls, layout_basic,
          shapermc_ecumenical_altar_totnotflames,
          amcnicky_mini_rare_corridor_liquid, minmay_pentomino_o4
D:2:      layout_basic, uniq_terence
D:3:      minmay_door_path, layout_basic, minitemple,
          kennysheep_generic_room_10, uniq_jessica
D:4:      layout_cave_pools, serial_shops, shop, biasface_ghost_orc_armoury,
          nzn_random_ring, uniq_duvessa
D:5:      layout_layer_cave
D:6:      layout_cave_pods, mainiacjoe_overflow_tiny_flanked,
          makhleb_grotto_becter, minmay_temple_entry_arrows,
          hangedman_decor_slide_cut, uniq_eustachio
D:7:      layout_basic, pf_guarded_unrand_meek
D:8:      layout_basic, kennysheep_minor_cross, uniq_joseph, uniq_psyche
D:9:      nicolae_cairo_tiling_large_dashed, layout_rooms,
          nicolae_tso_swordbearing_angel, gammafunk_ghost_hive, uniq_harold
D:10:     layout_basic, david_lair_shrubbed, zombieorc2_lemuel, enter_bailey_6,
          minmay_holes, kennysheep_generic_room_5
Temple:   jpeg_temple_island
Bailey:   bailey_axe_3, bailey

Skill      XL: |  1  2  3  4  5  6  7  8  9 10 11 |
---------------+----------------------------------+-----
Maces & Flails | 3 4 5 6 |  6.3
Throwing       | 2 3 4 5 |  5.7
Fighting       | 3 4 5 6 |  6.8
Dodging        | 3 4 5 |  5.1
Stealth        | 2 3 |  3.6
Polearms       | 2 5 7 9 |  9.0
Armour         | 2 3 4 |  4.2

Action                   |  1- 3 |  4- 6 |  7- 9 | 10-12 || total
-------------------------+-------+-------+-------+-------++-------
Melee: Mace              |    65 |       |       |       ||    65
       Punch             |     3 |     1 |       |       ||     4
       Flail             |     9 |    11 |       |       ||    20
       Club              |       |    32 |    49 |       ||    81
       Halberd           |       |       |   114 |   134 ||   248
Throw: Boomerang         |    37 |    23 |       |    41 ||   101
       Stone             |       |    39 |       |       ||    39
Invok: Ancestor Life: Ba |       |     1 |       |       ||     1
  Use: Scroll            |       |       |    11 |     1 ||    12
 Stab: Sleeping          |     1 |     1 |     7 |       ||     9
       Distracted        |       |       |     1 |     2 ||     3
Armor: Robe              |    32 |    17 |    15 |       ||    64
       Steam dragon scal |       |       |    26 |       ||    26
       Fire dragon scale |       |       |    39 |    90 ||   129
Dodge: Dodged            |    39 |    21 |    67 |    79 ||   206
